 Dungeon Sprint DCSS version 0.27-a0-1051-g288ea87c7c (webtiles) character file.

Game seed: 11063083778635244937

2500000 howech the Axe Maniac (level 19, -32/207 HPs)
             Began as a Minotaur Berserker on Apr 20, 2021.
             Was an Elder of Trog.
             Annihilated by a large bag of meat
             ... wielding a +9 giant spiked club
              (51 damage)
             ... in the Dungeon (Sprint VIII: "Arena of Blood").
             The game lasted 00:02:40 (25 turns).

howech the Axe Maniac (Minotaur Berserker)            Turns: 25, Time: 00:02:42

Health: -32/207    AC:  4    Str: 22    XL:     19   Next: 39%
Magic:  16/27      EV: 28    Int:  6    God:    Trog [****..]
Gold:   0          SH:  0    Dex: 16    Spells: 30/30 levels left

rFire    . . .     SeeInvis .   i - +∞ Axe of Woe
rCold    . . .     Faith    .   (shield currently unavailable)
rNeg     . . .     Spirit   .   b - +0 animal skin
rPois    .         Reflect  .   (helmet restricted)
rElec    .         Harm     .   (no cloak)
rCorr    .         Rampage  .   (no gloves)
Will     +++..     NoTele   +   (no boots)
Stlth    ++++......             (no amulet)
HPRegen  1.44/turn              (no ring)
MPRegen  0.20/turn              (no ring)

@: on berserk cooldown, regenerating, slowed, very slow
A: horns 2, retaliatory headbutt
a: Renounce Religion, Berserk, Trog's Hand, Brothers in Arms


You were in the Dungeon.
You worshipped Trog.
Trog was greatly pleased with you.
You visited 1 branch

Inventory:

Hand Weapons
 a - a +0 hand axe
 i - the +∞ Axe of Woe (weapon)
   (You found it in the Dungeon)
Armour
 b - a +0 animal skin (worn)
Scrolls
 h - a scroll of blinking
Potions
 c - a potion of curing
 e - a potion of haste
 f - 2 potions of magic


   Skills:
 O Level 27 Fighting
 + Level 11.8(13.6) Short Blades
 + Level 12.5(14.5) Long Blades
 O Level 27 Axes
 O Level 27 Maces & Flails
 O Level 27 Polearms
 + Level 12.6(26.5) Staves
 + Level 11.8(13.3) Slings
 + Level 11.7 Bows
 + Level 10.6 Crossbows
 + Level 9.8(11.8) Throwing
 O Level 27 Armour
 O Level 27 Dodging
 + Level 8.9 Stealth
 + Level 11.5 Shields
 + Level 10.1 Unarmed Combat
 + Level 6.4 Spellcasting
 + Level 9.3 Invocations
 + Level 8.5 Evocations


You had 30 spell levels left.
You didn't know any spells.
Your spell library was empty.

Dungeon Overview and Level Annotations

Branches:
Dungeon (1/1)

Altars:
Makhleb


Innate Abilities, Weirdness & Mutations

You have a pair of horns on your head.
You reflexively headbutt those who attack you in melee.


Message History

* * * LOW HITPOINT WARNING * * *
Unknown command.
You slash the bag of meat!
You slaughter the bag of meat joyfully.
You kill the bag of meat!
Trog accepts your kill.
You hit the bag of meat. You chop the bag of meat into pieces.
You kill the bag of meat!
Trog accepts your kill.
You slash the bag of meat!
You fatally mangle the bag of meat.
You kill the bag of meat!
Trog accepts your kill.
You slash the bag of meat! You chop the bag of meat into pieces.
You kill the bag of meat!
Trog accepts your kill.
You hear a shout! x10
Trog does not appreciate your training of magic skills!
You feel extremely guilty. Trog will no longer gift you weapons.
Your base Short Blades skill gained 4 levels and is now at level 11!
Your base Long Blades skill gained 5 levels and is now at level 12!
Your base Staves skill gained 4 levels and is now at level 12!
Your base Slings skill gained 4 levels and is now at level 11!
Your Bows skill gained 4 levels and is now at level 11!
Your Crossbows skill gained 5 levels and is now at level 10!
Your base Throwing skill gained 5 levels and is now at level 9!
Your Stealth skill gained 4 levels and is now at level 8!
Your Shields skill gained 6 levels and is now at level 11!
Your Unarmed Combat skill gained 5 levels and is now at level 10!
Your Spellcasting skill gained 3 levels and is now at level 6!
Your Invocations skill gained 5 levels and is now at level 9!
Your Evocations skill gained 4 levels and is now at level 8!
You have reached level 19!
Unknown command.
Your skin crawls.
You feel strong-willed.
You hear a shout! x10
A destroyer comes into view. It is wielding a +9 vorpal great sword.
You hear a shout! x2
The large bag of meat hits you with a +9 giant spiked club!!!
You die...

.. ... #. ..#
#.. ..# .
.###.. ..###..
......###..o...
......_.....
#..O))# #_)o@_#
#..)))#
......_.....
......###...V..
.###.. ..###..
#.. ..# . #.
..# .. ...


You could see a destroyer (wandering), a large bag of meat (inner flame) and 2
bags of meat.

Vanquished Creatures
  4 ogres (D)
  14 orcs (D)
18 creatures vanquished.

Notes
Turn   | Place    | Note
-------+----------+-------------------------------------------
     0 | D        | Found the +∞ Axe of Woe
     0 | D        | howech the Minotaur Berserker began the quest for the Orb.
     0 | D        | Reached XP level 1. HP: 19/19 MP: 0/0
     2 | D        | Noticed a bag of meat
     2 | D        | Noticed a bag of meat
     2 | D        | Noticed a bag of meat
     4 | D        | Noticed a bag of meat
     4 | D        | Noticed a meat berserker
     5 | D        | Noticed a bag of meat
     7 | D        | Noticed a bag of meat
     9 | D        | Killed a bag of meat
     9 | D        | Killed a meat berserker
     9 | D        | Reached ** piety under Trog
     9 | D        | Killed a bag of meat
     9 | D        | Noticed a bag of meat
    10 | D        | Reached XP level 2. HP: 57/57 MP: 1/1
    10 | D        | Reached XP level 3. HP: 64/64 MP: 2/2
    10 | D        | Reached XP level 4. HP: 72/72 MP: 3/3
    10 | D        | Reached XP level 5. HP: 80/80 MP: 4/4
    10 | D        | Reached XP level 6. HP: 88/88 MP: 5/5
    10 | D        | Reached XP level 7. HP: 95/95 MP: 6/6
    10 | D        | Reached XP level 8. HP: 103/103 MP: 7/7
    10 | D        | Reached XP level 9. HP: 111/111 MP: 8/8
    10 | D        | Reached XP level 10. HP: 118/118 MP: 9/9
    10 | D        | Reached XP level 11. HP: 126/126 MP: 10/10
    10 | D        | Reached XP level 12. HP: 134/134 MP: 11/11
    10 | D        | Reached XP level 13. HP: 140/140 MP: 12/12
    10 | D        | Reached XP level 14. HP: 149/149 MP: 13/13
    12 | D        | Killed a bag of meat
    12 | D        | Killed a bag of meat
    12 | D        | Reached *** piety under Trog
    13 | D        | Reached skill level 27 in Axes
    13 | D        | Reached XP level 15. HP: 165/165 MP: 14/14
    14 | D        | Noticed a meat berserker
    17 | D        | Reached skill level 27 in Fighting
    17 | D        | Reached XP level 16. HP: 183/183 MP: 15/15
    17 | D        | Noticed a meat berserker
    17 | D        | Noticed a meat berserker
    20 | D        | Killed a meat berserker
    20 | D        | Reached **** piety under Trog
    21 | D        | Reached skill level 27 in Armour
    21 | D        | Reached skill level 27 in Dodging
    21 | D        | Reached skill level 1 in Stealth
    21 | D        | Reached skill level 1 in Spellcasting
    21 | D        | Reached skill level 1 in Evocations
    21 | D        | Reached XP level 17. HP: 137/191 MP: 15/17
    22 | D        | Killed a meat berserker
    22 | D        | Reached ***** piety under Trog
    22 | D        | Killed a meat berserker
    22 | D        | Received a gift from Trog
    23 | D        | Reached skill level 27 in Maces & Flails
    23 | D        | Reached skill level 27 in Polearms
    23 | D        | Reached skill level 5 in Crossbows
    23 | D        | Reached skill level 5 in Shields
    23 | D        | Reached skill level 5 in Unarmed Combat
    23 | D        | Reached XP level 18. HP: 56/200 MP: 15/21
    23 | D        | Noticed a large bag of meat
    25 | D        | Reached skill level 10 in Crossbows
    25 | D        | Reached skill level 10 in Unarmed Combat
    25 | D        | Reached XP level 19. HP: 17/207 MP: 15/27
    25 | D        | Noticed a destroyer
    25 | D        | Annihilated by a large bag of meat

Illustrated notes

Levels and vault maps discovered:
D:        meatsprint

Skill      XL: |  1  2  3  4  5  6  7  8  9 10 11 12 13 14 15 16 17 18 |
---------------+-------------------------------------------------------+-----
Fighting       | 20 23 27 | 27.0
Axes           | 26 27 | 27.0
Armour         | 20 23 26 27 | 27.0
Dodging        | 19 21 25 27 | 27.0
Short Blades   | 3 7 11 | 11.8
Long Blades    | 3 7 12 | 12.5
Maces & Flails | 16 27 | 27.0
Polearms       | 16 27 | 27.0
Staves         | 3 8 12 | 12.6
Slings         | 3 7 11 | 11.8
Bows           | 3 7 11 | 11.7
Crossbows      | 2 5 10 | 10.6
Throwing       | 2 4 9 |  9.8
Stealth        | 1 4 8 |  8.9
Shields        | 2 5 11 | 11.5
Unarmed Combat | 2 5 10 | 10.1
Spellcasting   | 1 3 6 |  6.4
Invocations    | 2 4 9 |  9.3
Evocations     | 1 4 8 |  8.5

Action                   |  1- 3 |  4- 6 |  7- 9 | 10-12 | 13-15 | 16-18 | 19-21 || total
-------------------------+-------+-------+-------+-------+-------+-------+-------++-------
Melee: Executioner's axe |     1 |       |       |       |     3 |     3 |       ||     7
Invok: Trog's Hand       |       |       |       |       |       |       |     1 ||     1
  Use: Potion            |     1 |       |       |       |       |     1 |       ||     2

Table legend: (Time is in decaauts)
 A = Elapsed time spent in this place.
 B = Non-inter-level travel time spent in this place.
 C = Inter-level travel time spent in this place.
 D = Time resting spent in this place.
 E = Time spent auto-exploring this place.
 F = Levels seen in this place.
 G = Mean time per level.
                   A        B        C        D        E       F      G
               +--------+--------+--------+--------+--------+-----+--------+
         Total |     22 |     22 |      0 |      0 |      0 |   1 |   22.0 |
       Dungeon |     22 |     22 |      0 |      0 |      0 |   1 |   22.0 |
               +--------+--------+--------+--------+--------+-----+--------+

Top non-repeatable levels by time:
       D: 22 daAuts
